 Dungeon Crawl Stone Soup version 0.17-a0-2064-g265a032 (webtiles) character file.

3514 Ijustatesigmund the Destroyer (level 10, -6/60 HPs)
             Began as an Octopode Wizard on Oct 12, 2015.
             Killed by nerve-wracking pain
             ... invoked by an orc priest
              (9 damage)
             ... on level 9 of the Dungeon.
             The game lasted 01:06:18 (13107 turns).

Ijustatesigmund the Destroyer (Octopode Wizard)    Turns: 13107, Time: 01:06:18

Health: -6/60      AC:  1    Str:  7    XL:     10   Next: 8%
Magic:  5/14       EV: 12    Int: 24    God:
Gold:   352        SH:  0    Dex: 10    Spells: 5 memorised, 4 levels left

rFire  . . .     SeeInvis .     g - +0 dagger (venom)
rCold  . . .     Clarity  +     (no shield)
rNeg   . . .     SustAt   .     a - +0 hat
rPois  .         Gourm    .     x - amulet of clarity
rElec  .         Spirit   .     (no ring)
rCorr  .         Warding  .     (no ring)
rMut   .         Stasis   .     (no ring)
MR     .....                    (no ring)
Stlth  ++++......               (no ring)
                                (no ring)
                                (no ring)
                                (no ring)

@: not resistant to hostile enchantments, stealthy
A: almost no armour, amphibious, 8 rings, constrict 8, camouflage 1, gelatinous
body 1
a: no special abilities


You were on level 9 of the Dungeon.
You were very hungry.

You visited 2 branches of the dungeon, and saw 10 of its levels.
You also visited: Sewer.

You collected 394 gold pieces.

Inventory:

Hand Weapons
 d - a +0 hunting sling
 g - a +0 dagger of venom (weapon)
 k - a +1 dagger
 w - a +0 dagger of speed
 y - a +2 dagger of distortion
Missiles
 u - 13 sling bullets
Armour
 a - a +0 hat (worn)
Jewellery
 f - a +3 ring of dexterity {unknown}
 l - an uncursed amulet of guardian spirit
 m - an uncursed amulet of warding
 x - an amulet of clarity (around mantle)
Wands
 e - a wand of frost (19)
 t - a wand of random effects (6)
 C - a wand of slowing (20)
Scrolls
 i - a scroll of recharging
 p - a scroll of amnesia
Potions
 h - a potion of cancellation
 n - 2 potions of cure mutation
 r - a potion of degeneration {unknown}
 s - a potion of heal wounds {unknown}
 v - 3 potions of agility
Books
 b - a book of Minor Magic

   Spells                             Type                      Level
   a - Magic Dart                     Conjuration                  1
   b - Blink                          Translocation                2
   c - Call Imp                       Summoning                    2
   d - Repel Missiles                 Charms/Air                   2
   e - Slow                           Hexes                        2
   f - Conjure Flame                  Conjuration/Fire             3
   g - Mephitic Cloud                 Conjuration/Poison/Air       3
Miscellaneous
 q - a plain deck of wonders {drawn: 2}
Comestibles
 c - 6 bread rations
 j - 2 beef jerkies
 o - 2 meat rations


   Skills:
 - Level 2.2 Fighting
 - Level 5.0 Short Blades
 - Level 4.0 Slings
 - Level 2.0 Dodging
 - Level 5.2 Stealth
 - Level 3.0 Spellcasting
 + Level 9.3 Conjurations
   Level 1.0 Summonings
 - Level 3.4 Translocations
 - Level 4.3 Fire Magic
 - Level 2.6 Air Magic
 - Level 3.4 Poison Magic


You had 4 spell levels left.
You knew the following spells:

 Your Spells              Type           Power        Failure   Level  Hunger
a - Magic Dart            Conj           ####         1%          1    None
b - Blink                 Tloc           N/A          4%          2    ##.....
c - Mephitic Cloud        Conj/Pois/Air  ####....     4%          3    ###....
d - Conjure Flame         Conj/Fire      #####...     1%          3    ###....
e - Repel Missiles        Chrm/Air       #.....       12%         2    ##.....


Dungeon Overview and Level Annotations

Branches:
Dungeon (9/15)             Temple (1/1) D:4
   Lair: D:8-11         Orc: D:9-12

Altars:
Ashenzari
Cheibriados
Elyvilon
Fedhas
Gozag
Kikubaaqudgha
Makhleb
Nemelex Xobeh
Okawaru
Qazlal
Ru
Sif Muna
Trog
Xom
Yredelemnul
The Shining One

Annotations:
D:4 sanek213's ghost, amateur MiGl
D:5 Edmund
D:6 Menkaure


Innate Abilities, Weirdness & Mutations

You cannot wear most types of armour.
You are amphibious.
You can wear up to eight rings at the same time.
You can use your tentacles to constrict eight enemies at once.
Your skin changes colour to match your surroundings (Stealth).
Your rubbery body absorbs attacks (AC +1).


Message History

You constrict the orc warrior, but do no damage.
The orc warrior is engulfed in noxious fumes.
The orc warrior hits you with a trident!!
* * * LOW HITPOINT WARNING * * *
Casting: Mephitic Cloud
Confirm with . or Enter, or press ? or * to list all spells.
You blink.
You are engulfed in noxious fumes.
You choke on the stench!
You feel momentarily confused.
You constrict the orc warrior, but do no damage.
The orc warrior escapes!
An orc priest comes into view. It is wielding a flail.
Casting: Blink
Confirm with . or Enter, or press ? or * to list all spells.
Aiming: Mephitic Cloud
Press: ? - help, Shift-Dir - straight line, p - orc warrior The ball explodes into a vile cloud!
The orc priest shouts!
The orc priest invokes the aid of Beogh against you.
Pain shoots through your body!
You die...

#########
#.......#########
#.......#....@..#
#.
#.......#.§§....#
#.
#.......o§§§...o#
#.
#.....).#§.§....# .
#.§<....######### #
#### ##§###....#
#..#..# #....+....+
....... #....#....#
.......
#####'###....##+###
#.###.#


You could see an orc warrior (confused) and an orc priest.

Vanquished Creatures
  Psyche (D:8)
  2 wyverns (D:8)
  Sigmund (D:5)
  A water moccasin (D:6)
  Purgy (Sewer)
  An ogre (D:8)
  A black bear (D:7)
  3 centaurs
  A phantom (D:7)
  An orc warrior (D:6)
  A wasp (D:8)
  A big kobold (D:9)
  5 giant frogs
  3 scorpions
  5 killer bees (D:7)
  2 crimson imps
  A centaur zombie (D:8)
  2 jellies
  2 orc priests (D:5)
  4 hounds
  7 orc wizards
  2 iguanas
  6 worker ants
  A sheep (D:9)
  A hound zombie (D:7)
  2 hound skeletons (D:5)
  7 adders
  3 shadow imps
  5 gnolls
  2 oozes
  An adder zombie (D:7)
  An adder skeleton (D:5)
  3 worms
  6 giant geckos
  30 orcs
  2 ball pythons (D:2)
  9 giant cockroaches
  8 goblins
  18 hobgoblins
  11 kobolds
  A quokka (D:5)
  6 bats
  6 giant newts
  A jackal skeleton (D:8)
  10 rats
188 creatures vanquished.

Vanquished Creatures (collateral kills)
  A worker ant (D:5)
1 creature vanquished.

Vanquished Creatures (others)
  A quokka (D:3)
  A giant newt (D:3)
2 creatures vanquished.

Grand Total: 191 creatures vanquished

Notes
Turn   | Place    | Note
--------------------------------------------------------------
     0 | D:1      | Ijustatesigmund the Octopode Wizard began the quest for the Orb.
     0 | D:1      | Reached XP level 1. HP: 11/11 MP: 4/4
   278 | D:1      | Reached XP level 2. HP: 17/17 MP: 0/6
   286 | D:1      | Learned a level 2 spell: Blink
  1071 | D:1      | Reached XP level 3. HP: 18/21 MP: 0/7
  1246 | D:1      | Learned a level 3 spell: Mephitic Cloud
  1574 | D:2      | Reached skill level 1 in Short Blades
  1574 | D:2      | Reached skill level 4 in Stealth
  1937 | D:2      | Reached XP level 4. HP: 24/27 MP: 0/8
  2077 | D:2      | Reached skill level 1 in Air Magic
  2275 | D:2      | Found a faded altar to an unknown god.
  2722 | D:3      | Reached skill level 1 in Poison Magic
  2792 | D:3      | Found an opulent altar of Gozag.
  3150 | D:3      | Reached XP level 5. HP: 31/31 MP: 1/9
  3295 | D:3      | Found a white marble altar of Elyvilon.
  3779 | D:4      | Noticed sanek213's ghost (amateur MiGl)
  4497 | D:4      | Reached XP level 6. HP: 36/36 MP: 4/10
  4998 | D:5      | Entered Level 5 of the Dungeon
  5151 | D:5      | Found a glowing drain.
  5251 | Sewer    | Entered a sewer
  5342 | Sewer    | Noticed Purgy
  5353 | Sewer    | Killed Purgy
  5640 | D:4      | Found a staircase to the Ecumenical Temple.
  5646 | Temple   | Entered the Ecumenical Temple
  5863 | D:4      | Found a snail-covered altar of Cheibriados.
  5912 | D:4      | Learned a level 3 spell: Conjure Flame
  6012 | D:5      | Reached XP level 7. HP: 31/41 MP: 0/11
  6141 | D:5      | Reached skill level 1 in Fire Magic
  6181 | D:5      | Noticed Sigmund
  6289 | D:5      | Noticed Edmund
  6634 | D:5      | Found a glowing golden altar of the Shining One.
  6648 | D:5      | Reached skill level 1 in Slings
  7505 | D:5      | Killed Sigmund
  7505 | D:5      | Reached XP level 8. HP: 46/46 MP: 6/12
  8270 | D:6      | Reached skill level 1 in Fighting
  8528 | D:6      | Reached skill level 5 in Stealth
  8939 | D:6      | Noticed Menkaure
  9058 | D:7      | Learned a level 2 spell: Repel Missiles
  9139 | D:5      | Found a stormy altar of Qazlal.
  9401 | D:7      | Reached skill level 5 in Conjurations
  9401 | D:7      | Reached XP level 9. HP: 36/54 MP: 10/13
  9504 | D:7      | Found a sacrificial altar of Ru.
  9505 | D:7      | Found an iron altar of Okawaru.
 10026 | D:7      | HP: 4/81 [poisoned by a killer bee]
 10033 | D:7      | HP: 3/81 [poisoned by a killer bee]
 10040 | D:7      | HP: 2/81 [poisoned by a killer bee]
 10048 | D:7      | HP: 1/54 [poisoned by a killer bee]
 10336 | D:7      | Reached skill level 6 in Conjurations
 11084 | D:7      | HP: 1/54 [orc wizard/puff of flame (11)]
 11086 | D:7      | You fall through a shaft for 2 floors!
 11435 | D:8      | Reached skill level 5 in Short Blades
 11499 | D:7      | Found a blossoming altar of Fedhas.
 11521 | D:8      | Found a sparkling altar of Nemelex Xobeh.
 11659 | D:8      | Found a glowing golden altar of the Shining One.
 11707 | D:8      | Noticed Psyche
 12017 | D:8      | Reached skill level 7 in Conjurations
 12149 | D:8      | Found a deep blue altar of Sif Muna.
 12158 | D:8      | Killed Psyche
 12158 | D:8      | Reached skill level 8 in Conjurations
 12343 | D:8      | Reached XP level 10. HP: 28/60 MP: 9/14
 12475 | D:8      | Reached skill level 9 in Conjurations
 13104 | D:9      | HP: 2/60 [orc warrior/trident (21)]
 13107 | D:9      | Killed from afar by an orc priest

Vault maps used:
D:1:      roderic_dead_forest
D:2:      ecumenical_altar_2, minmay_crystal_water, amalloy_card_club
D:3:      old_standard_altar, grunt_ministairs_1, elyvilon_altar_4
D:4:      zin_academy, cheibriados_altar_wand_db, temple_green, first_bread
D:5:      tso_altar, kennysheep_mini_moat, basic_altar, gup_sewer_entry_pipe,
          serial_park_tiny_pond, sigmund_edmund_badplayer
D:6:      uniq_menkaure
D:7:      nicolae_overflow_hidden_temple, gammafunk_temple_overflow_pools,
          minmay_holes
D:8:      lemuel_blue_sif_altar, hangedman_feature_mirror, uniq_psyche
D:9:      minmay_statue_hallways, grunt_qazlal_sundering, lemuel_round_altar,
          basic_altar, hangedman_ranch, uniq_grum
Temple:   nicolae_temple_figure_zero
Sewer:    kennysheep_door_sewer

Action                   |  1- 3 |  4- 6 |  7- 9 | 10-12 || total
-------------------------+-------+-------+-------+-------++-------
Melee: Unarmed           |     3 |       |       |       ||     3
       Dagger            |    15 |    75 |   245 |    45 ||   380
 Fire: Hunting sling     |       |       |    56 |     3 ||    59
 Cast: Magic Dart        |    87 |   152 |   188 |     5 ||   432
       Mephitic Cloud    |       |    11 |    47 |     8 ||    66
       Blink             |       |     2 |    13 |     4 ||    19
       Conjure Flame     |       |       |     3 |       ||     3
       Repel Missiles    |       |       |     1 |       ||     1
Evoke: Deck              |       |       |     2 |       ||     2
       Wand              |       |       |     2 |     1 ||     3
  Use: Scroll            |     8 |     6 |     3 |     1 ||    18
       Potion            |       |     1 |     7 |       ||     8
 Stab: Confused          |       |     2 |    13 |       ||    15
       Sleeping          |       |     6 |     1 |       ||     7
  Eat: Chunk             |     2 |     9 |     8 |       ||    19
       Fruit             |     1 |     3 |     8 |       ||    12
       Royal jelly       |       |     1 |       |       ||     1
       Pizza             |       |       |     1 |       ||     1
       Meat ration       |       |       |     2 |       ||     2
       Beef jerky        |       |       |     1 |       ||     1
